3AAA
BALBOA BUCCANEERS @ SUNSET DISTRICT FOG
07/10/2021
 
TOP OF THE 1ST
Balboa Buccaneers batting - Pitching for Sunset District Fog : LHP Arnaldo Bodabalho
Pitching: LHP Arnaldo Bodabalho
Batting: RHB Jean Lemaire 0-0: Ball
1-0: Called Strike
1-1: Foul Ball, location: 2F
1-2: Ground out 1-3 (Groundball, 13)
Batting: SHB Wook-jin Pae 0-0: Ground out 4-3 (Groundball, 4)
Batting: RHB José Correa 0-0: Ball
1-0: Called Strike
1-1: Ball
2-1: Fly out, F7 (Flyball, 7M)
Top of the 1st over - 0 run(s), 0 hit(s), 0 error(s), 0 left on base; Balboa 0 - Sunset District 0
BOTTOM OF THE 1ST
Sunset District Fog batting - Pitching for Balboa Buccaneers : RHP Eduardo Capata
Pitching: RHP Eduardo Capata
Batting: RHB Manuel Rodríguez 0-0: Fly out, F8 (Flyball, 8RM)
Batting: RHB Francisco Torres 0-0: DOUBLE (Line Drive, 6D)
Batting: SHB Al Anderson 0-0: Ball
1-0: Ground out 4-3 (Groundball, 34)
Francisco Torres to third
Batting: LHB Todd Henry 0-0: Ball
1-0: Called Strike
1-1: Ground out 5-3 (Groundball, 56)
Bottom of the 1st over - 0 run(s), 1 hit(s), 0 error(s), 1 left on base; Balboa 0 - Sunset District 0
TOP OF THE 2ND
Balboa Buccaneers batting - Pitching for Sunset District Fog : LHP Arnaldo Bodabalho
Batting: LHB Sergio Muńóz 0-0: Ball
1-0: Called Strike
1-1: Fly out, F8 (Flyball, 8RM)
Batting: RHB Kyle Myers 0-0: Ball
1-0: Ball
2-0: Ground out 6-3 (Groundball, 6)
Batting: RHB Denis Taylor 0-0: Ball
1-0: Ball
2-0: Called Strike
2-1: Ball
3-1: Base on Balls
Batting: LHB Jorge Montoya 0-0: Ball
1-0: Ground out 4-3 (Groundball, 4)
Top of the 2nd over - 0 run(s), 0 hit(s), 0 error(s), 1 left on base; Balboa 0 - Sunset District 0
BOTTOM OF THE 2ND
Sunset District Fog batting - Pitching for Balboa Buccaneers : RHP Eduardo Capata
Batting: RHB Luis Silva 0-0: Ball
1-0: Foul Ball, location: 2F
1-1: Ball
2-1: Ball
3-1: Swinging Strike
3-2: Foul Ball, location: 2F
3-2: Base on Balls
Batting: LHB Jesús Quintanilla 0-0: Ball
1-0: SINGLE (Groundball, 34D)
Luis Silva to second
Throwing error, E9
Luis Silva scores
Jesús Quintanilla to second
Batting: RHB Rafael Najcrea 0-0: Ball
1-0: Ball
Wild Pitch!
Jesús Quintanilla to third
2-0: Called Strike
2-1: Ground out 5-3 (Groundball, 5S)
Batting: LHB Randy Daugherty 0-0: Ball
1-0: Foul Ball, location: 2F
1-1: Called Strike
1-2: Hit by Pitch
Batting: RHB Jim Allen 0-0: Ball
1-0: Ball
2-0: Called Strike
2-1: Foul Ball, location: 2F
2-2: Foul Ball, location: 2F
2-2: Foul Ball, location: 2F
2-2: Ball
3-2: Foul Ball, location: 2F
3-2: SINGLE (Groundball, 5L)
Jesús Quintanilla scores
Randy Daugherty to second
Batting: RHB Manuel Rodríguez 0-0: SINGLE (Line Drive, 9S)
Randy Daugherty to third
Jim Allen to second
Runner from 3rd tries for Home, SAFE, no throw or cutoff
Batting: RHB Francisco Torres 0-0: Ball
Jim Allen steals 3rd base
Manuel Rodríguez to second
1-0: Called Strike
1-1: Foul Ball, location: 2F
1-2: Ball
2-2: Strikes out swinging
Batting: SHB Al Anderson 0-0: Fly out, F4 (Popup, 4D)
Bottom of the 2nd over - 3 run(s), 3 hit(s), 1 error(s), 2 left on base; Balboa 0 - Sunset District 3
TOP OF THE 3RD
Balboa Buccaneers batting - Pitching for Sunset District Fog : LHP Arnaldo Bodabalho
Batting: RHB Joel Lee 0-0: Ball
1-0: Ball
2-0: Foul Ball, location: 2F
2-1: Called Strike
2-2: Strikes out looking
Batting: RHB Roy Childress 0-0: Ball
1-0: Foul Ball, location: 2F
1-1: Ball
2-1: Swinging Strike
2-2: Foul Ball, location: 2F
2-2: Strikes out swinging
Batting: RHB Jean Lemaire 0-0: Ball
1-0: Ground out 6-3 (Groundball, 6)
Top of the 3rd over - 0 run(s), 0 hit(s), 0 error(s), 0 left on base; Balboa 0 - Sunset District 3
BOTTOM OF THE 3RD
Sunset District Fog batting - Pitching for Balboa Buccaneers : RHP Eduardo Capata
Batting: LHB Todd Henry 0-0: Called Strike
0-1: Ball
1-1: Swinging Strike
1-2: DOUBLE (Flyball, 7LS)
Batting: RHB Luis Silva 0-0: Foul Ball, location: 2F
0-1: Called Strike
0-2: Ground out 1-3 (Groundball, 13S)
Todd Henry to third
Batting: LHB Jesús Quintanilla 0-0: Fly out, F9 (Line Drive, 9M)
Batting: RHB Rafael Najcrea 0-0: Ball
1-0: Swinging Strike
1-1: Swinging Strike
1-2: Foul Ball, location: 2F
1-2: Ball
2-2: Ground out 6-3 (Groundball, 6M)
Bottom of the 3rd over - 0 run(s), 1 hit(s), 0 error(s), 1 left on base; Balboa 0 - Sunset District 3
TOP OF THE 4TH
Balboa Buccaneers batting - Pitching for Sunset District Fog : LHP Arnaldo Bodabalho
Batting: SHB Wook-jin Pae 0-0: Ball
1-0: Ball
2-0: TRIPLE (Groundball, 5L)
Batting: RHB José Correa 0-0: SINGLE (Flyball, 78M)
Wook-jin Pae scores
Batting: LHB Sergio Muńóz 0-0: Ball
1-0: Fly out, F6 (Popup, 6S)
Batting: RHB Kyle Myers 0-0: Ball
1-0: Ball
2-0: Called Strike
2-1: Swinging Strike
2-2: Foul Ball, location: 2F
2-2: Ball
3-2: Ground out 6-3 (Groundball, 6)
José Correa to second
Batting: RHB Denis Taylor 0-0: Ground out 6-3 (Groundball, 6M)
Top of the 4th over - 1 run(s), 2 hit(s), 0 error(s), 1 left on base; Balboa 1 - Sunset District 3
BOTTOM OF THE 4TH
Sunset District Fog batting - Pitching for Balboa Buccaneers : RHP Eduardo Capata
Batting: LHB Randy Daugherty 0-0: Called Strike
0-1: Ball
1-1: Foul Ball, location: 2F
1-2: Ball
2-2: Ball
3-2: Base on Balls
Batting: RHB Jim Allen 0-0: Ball
1-0: Ball
2-0: Swinging Strike
2-1: Called Strike
2-2: Ball
3-2: Foul Ball, location: 2F
3-2: Foul Ball, location: 2F
3-2: Foul Ball, location: 2F
3-2: Strikes out swinging
Randy Daugherty is caught stealing 2nd base
Batter strikes out.
Batting: RHB Manuel Rodríguez 0-0: Bunt missed!
0-1: Ball
1-1: Ball
2-1: Ball
3-1: Foul Ball, location: 2F
3-2: Foul Ball, location: 2F
3-2: Fly out, F9 (Flyball, 89D)
Bottom of the 4th over - 0 run(s), 0 hit(s), 0 error(s), 0 left on base; Balboa 1 - Sunset District 3
TOP OF THE 5TH
Balboa Buccaneers batting - Pitching for Sunset District Fog : LHP Arnaldo Bodabalho
Batting: LHB Jorge Montoya 0-0: Ball
1-0: Ball
2-0: Foul Ball, location: 2F
2-1: Ground out 1-3 (Groundball, 13S)
Batting: RHB Joel Lee 0-0: Ball
1-0: Ball
2-0: Ball
3-0: Base on Balls
Batting: RHB Roy Childress 0-0: Ball
1-0: Called Strike
1-1: Ball
2-1: Ball
3-1: Base on Balls
Joel Lee to second
Batting: RHB Jean Lemaire 0-0: Ball
1-0: Called Strike
1-1: Swinging Strike
1-2: Strikes out looking
Batting: SHB Wook-jin Pae 0-0: Called Strike
0-1: Called Strike
0-2: Strikes out swinging
Top of the 5th over - 0 run(s), 0 hit(s), 0 error(s), 2 left on base; Balboa 1 - Sunset District 3
BOTTOM OF THE 5TH
Sunset District Fog batting - Pitching for Balboa Buccaneers : RHP Eduardo Capata
Batting: RHB Francisco Torres 0-0: Ball
1-0: Foul Ball, location: 2F
1-1: Foul Ball, location: 2F
1-2: Ground out 4-3 (Groundball, 4)
Batting: SHB Al Anderson 0-0: Ball
1-0: Ball
2-0: Ball
3-0: Called Strike
3-1: Called Strike
3-2: Base on Balls
Batting: LHB Todd Henry 0-0: Ball
1-0: Ball
2-0: Ball
3-0: Base on Balls
Al Anderson to second
Batting: RHB Luis Silva 0-0: Ball
1-0: Called Strike
1-1: Ball
2-1: Swinging Strike
2-2: Ball
3-2: Foul Ball, location: 2F
3-2: Grounds into double play, 2-6-3 (Groundball, 2R)
Bottom of the 5th over - 0 run(s), 0 hit(s), 0 error(s), 1 left on base; Balboa 1 - Sunset District 3
TOP OF THE 6TH
Balboa Buccaneers batting - Pitching for Sunset District Fog : LHP Arnaldo Bodabalho
Batting: RHB José Correa 0-0: Ball
1-0: Ball
2-0: Ground out 6-3 (Groundball, 6)
Batting: LHB Sergio Muńóz 0-0: Called Strike
0-1: Called Strike
0-2: Ball
1-2: Foul Ball, location: 2F
1-2: Ground out 6-3 (Groundball, 6)
Batting: RHB Kyle Myers 0-0: Called Strike
0-1: Ball
1-1: Ball
2-1: Ball
3-1: Foul Ball, location: 2F
3-2: Fly out, F5 (Line Drive, 5S)
Top of the 6th over - 0 run(s), 0 hit(s), 0 error(s), 0 left on base; Balboa 1 - Sunset District 3
BOTTOM OF THE 6TH
Sunset District Fog batting - Pitching for Balboa Buccaneers : RHP Eduardo Capata
Batting: LHB Jesús Quintanilla 0-0: Swinging Strike
0-1: Swinging Strike
0-2: SINGLE (Line Drive, 56)
Batting: RHB Rafael Najcrea 0-0: Ball
1-0: Bunted foul
1-1: Sac Bunt - play at first, batter OUT! 1-4
Jesús Quintanilla to second
Batting: LHB Randy Daugherty 0-0: Swinging Strike
0-1: Ground out 6-3 (Groundball, 6)
Jesús Quintanilla to third
Batting: RHB Jim Allen 0-0: Foul Ball, location: 2F
0-1: Ground out 3-1 (Groundball, 34S)
Bottom of the 6th over - 0 run(s), 1 hit(s), 0 error(s), 1 left on base; Balboa 1 - Sunset District 3
TOP OF THE 7TH
Balboa Buccaneers batting - Pitching for Sunset District Fog : LHP Arnaldo Bodabalho
Batting: RHB Denis Taylor 0-0: Ball
1-0: Foul Ball, location: 2F
1-1: Reached on error, E4 (Groundball, 4)
Batting: LHB Jorge Montoya 0-0: Fielders Choice at 2nd, 4-6 (Groundball, 4)
Batting: RHB Joel Lee 0-0: Ball
1-0: Called Strike
1-1: SINGLE (Line Drive, 89S)
Jorge Montoya to second
Pitching: RHP John Adams
Batting: RHB Roy Childress 0-0: Swinging Strike
0-1: Foul Ball, location: 2F
0-2: Strikes out swinging
Batting: RHB Jean Lemaire 0-0: Called Strike
0-1: Ball
1-1: SINGLE (Groundball, 56D)
Jorge Montoya to third
Joel Lee to second
Runner from 3rd tries for Home, SAFE, no throw or cutoff
Batting: SHB Wook-jin Pae 0-0: Ball
1-0: Ball
2-0: Ball
3-0: Called Strike
3-1: Foul Ball, location: 2F
3-2: Base on Balls
Joel Lee to third
Jean Lemaire to second
Batting: RHB José Correa 0-0: Called Strike
0-1: Called Strike
0-2: Strikes out swinging
Top of the 7th over - 1 run(s), 2 hit(s), 1 error(s), 3 left on base; Balboa 2 - Sunset District 3
BOTTOM OF THE 7TH
Sunset District Fog batting - Pitching for Balboa Buccaneers : RHP Eduardo Capata
Batting: RHB Manuel Rodríguez 0-0: Ball
1-0: Ball
2-0: SOLO HOME RUN (Flyball, 8LXD), Distance : 461 ft
Batting: RHB Francisco Torres 0-0: Called Strike
0-1: Called Strike
0-2: Ball
1-2: Ground out 6-3 (Groundball, 6)
Batting: SHB Al Anderson 0-0: Called Strike
0-1: Ground out 6-3 (Groundball, 6M)
Batting: LHB Todd Henry 0-0: Ball
1-0: Called Strike
1-1: Ball
2-1: Fly out, F7 (Flyball, 7LS)
Bottom of the 7th over - 1 run(s), 1 hit(s), 0 error(s), 0 left on base; Balboa 2 - Sunset District 4
TOP OF THE 8TH
Balboa Buccaneers batting - Pitching for Sunset District Fog : RHP John Adams
Now at SS: Michael Hart
Batting: LHB Sergio Muńóz 0-0: Ball
1-0: Ground out 6-3 (Groundball, 6M)
Batting: RHB Kyle Myers 0-0: Swinging Strike
0-1: Called Strike
0-2: Ball
1-2: Ball
2-2: Fly out, F8 (Flyball, 8LXD)
Batting: RHB Denis Taylor 0-0: Ball
1-0: SINGLE (Flyball, 7S)
Pitching: RHP Armando Féliz
Batting: LHB Jorge Montoya 0-0: Foul Ball, location: 2F
0-1: Ball
1-1: Foul Ball, location: 2F
1-2: Strikes out looking
Top of the 8th over - 0 run(s), 1 hit(s), 0 error(s), 1 left on base; Balboa 2 - Sunset District 4
BOTTOM OF THE 8TH
Sunset District Fog batting - Pitching for Balboa Buccaneers : RHP Eduardo Capata
Batting: RHB Luis Silva 0-0: Ball
1-0: Called Strike
1-1: Fly out, F9 (Flyball, 9M)
Batting: LHB Jesús Quintanilla 0-0: Called Strike
0-1: Fly out, F9 (Flyball, 9M)
Batting: RHB Rafael Najcrea 0-0: Ball
1-0: Foul Ball, location: 2F
1-1: Foul Ball, location: 2F
1-2: Ball
2-2: Foul Ball, location: 2F
2-2: Ball
3-2: Base on Balls
Batting: LHB Randy Daugherty 0-0: Ball
1-0: Ball
2-0: Called Strike
2-1: Foul Ball, location: 2F
2-2: Ball
3-2: Base on Balls
Rafael Najcrea to second
Pitching: LHP Albert Lucas
Batting: RHB Jim Allen 0-0: Fielders Choice at 2nd, 5-4 (Groundball, 56)
Bottom of the 8th over - 0 run(s), 0 hit(s), 0 error(s), 1 left on base; Balboa 2 - Sunset District 4
TOP OF THE 9TH
Balboa Buccaneers batting - Pitching for Sunset District Fog : RHP Armando Féliz
Pitching: LHP Gilbert Morris
Batting: RHB Joel Lee 0-0: SINGLE (Groundball, 56)
Batting: RHB Roy Childress 0-0: Ball
1-0: Ball
2-0: DOUBLE (Line Drive, 7LD)
Joel Lee to third
Batting: RHB Jean Lemaire 0-0: Ball
1-0: Ball
2-0: Foul Ball, location: 2F
2-1: Ground out 6-3 (Groundball, 6)
Joel Lee scores
Roy Childress to third
Batting: SHB Wook-jin Pae 0-0: Ball
1-0: Ground out 6-3 (Groundball, 6)
Batting: RHB José Correa 0-0: Ball
1-0: SINGLE (Line Drive, 6M)
Roy Childress scores
Pinch Hitting: RHB Félix Rodríguez 0-0: Hit by Pitch
José Correa to second
Pinch Runner at 1st Steve Cunningham:
Batting: RHB Kyle Myers 0-0: Ball
1-0: Ball
2-0: Ball
3-0: Called Strike
3-1: Base on Balls
José Correa to third
Steve Cunningham to second
Batting: RHB Denis Taylor 0-0: Ball
1-0: Ball
2-0: Ball
3-0: Base on Balls
José Correa scores
Steve Cunningham to third
Kyle Myers to second
Pitching: LHP Denver Johnston
Pinch Hitting: LHB Imre Brincka 0-0: Ball
1-0: Foul Ball, location: 2F
1-1: Ball
2-1: Ground out 5-3 (Groundball, 56S)
Top of the 9th over - 3 run(s), 3 hit(s), 0 error(s), 3 left on base; Balboa 5 - Sunset District 4
BOTTOM OF THE 9TH
Sunset District Fog batting - Pitching for Balboa Buccaneers : LHP Albert Lucas
Pitching: RHP Luis De La Hoya
Now at 3B: Imre Brincka
Now in RF: Bellchyor Lebrim
Pinch Hitting: LHB David Hunt 0-0: Ball
1-0: Fly out, F5 (Popup, 5)
Pinch Hitting: RHB Shane Franklin 0-0: Ground out 5-3 (Groundball, 5)
Pitching: RHP Jim Unknown
Batting: SHB Al Anderson 0-0: Ground out U3 (Groundball, 3L)
Bottom of the 9th over - 0 run(s), 0 hit(s), 0 error(s), 0 left on base; Balboa 5 - Sunset District 4
This league is powered by Out of the Park Baseball, the baseball management simulation game for PC, Mac and Linux
Friday, January 22nd, 2016 - OOTP Baseball 16.9 Build 39